 Dungeon Crawl Stone Soup version 0.24-a0-243-g8f5f5cd (webtiles) character file.

Game seed: 13599163316553460061

1664 stalwartcrusatyr the Cleaver (level 8, -1/67 HPs)
             Began as a Minotaur Berserker on Apr 10, 2019.
             Was a Priest of Trog.
             Slain by an orc warrior
             ... wielding a +0 flail
              (21 damage)
             ... on level 6 of the Dungeon.
             The game lasted 00:11:01 (5674 turns).

stalwartcrusatyr the Cleaver (Minotaur Berserker)   Turns: 5674, Time: 00:11:02

Health: -1/67      AC:  9    Str: 22    XL:     8   Next: 69%
Magic:  16/16      EV: 10    Int:  4    God:    Trog [***...]
Gold:   326        SH:  0    Dex: 12    Spells: 7/7 levels left

rFire    . . .     SeeInvis .   a - +0 hand axe
rCold    + . .     Gourm    .   (no shield)
rNeg     . . .     Faith    .   r - +2 scale mail {rC+}
rPois    .         Spirit   .   (helmet restricted)
rElec    .         Reflect  .   (no cloak)
rCorr    .         Harm     .   (no gloves)
MR       .....                  t - +0 pair of boots
Stlth    ..........             x - amulet of the acrobat (curse)
HPRegen  0.21/turn              s - ring of magical power
MPRegen  0.15/turn              (no ring)

@: slowed, very slow
A: retaliatory headbutt, horns 2
a: Berserk, Trog's Hand, Renounce Religion


You were on level 6 of the Dungeon.
You worshipped Trog.
Trog was most pleased with you.
You were hungry.

You visited 1 branch of the dungeon, and saw 7 of its levels.

You collected 326 gold pieces.

Inventory:

Hand Weapons
 a - a +0 hand axe (weapon)
 b - a +0 flail of holy wrath
 w - a +0 flail
Armour
 r - a +2 scale mail of cold resistance (worn)
 t - a +0 pair of boots (worn)
Jewellery
 s - a ring of magical power (left hand)
 x - a cursed amulet of the acrobat (around neck)
Scrolls
 d - a scroll of fog {unknown}
 e - 2 scrolls of blinking
 g - 3 scrolls of enchant weapon
 k - a scroll of fear {unknown}
 m - 2 scrolls of remove curse
 n - 2 scrolls of magic mapping {unknown}
 q - a scroll of teleportation {unknown}
 y - a scroll of enchant armour {unknown}
 A - a scroll of amnesia {unknown}
Potions
 f - 3 potions of curing
 h - a potion of flight
 i - 2 potions of berserk rage
 j - a potion of magic
 l - a potion of cancellation
 o - 2 potions of heal wounds
 p - a potion of haste
 u - a potion of ambrosia {unknown}
 v - a potion of mutation {unknown}
 B - 2 potions of might {unknown}
Comestibles
 c - 8 rations


   Skills:
 + Level 4.4 Fighting
 * Level 13.0 Axes
 - Level 2.4 Armour
 - Level 2.1 Dodging


You had 7 spell levels left.
You didn't know any spells.
Your spell library was empty.

Dungeon Overview and Level Annotations

Branches:
Dungeon (7/15)             Temple (0/1) D:6

Altars:
Ru
Uskayaw
The Shining One


Innate Abilities, Weirdness & Mutations

You reflexively headbutt those who attack you in melee.
You have a pair of horns on your head.


Message History

You furiously retaliate!
You headbutt the orc wizard. You hit the orc wizard.
You kill the orc wizard!
Trog accepts your kill.
Trog appreciates your killing of a magic user.
Your Axes skill increases to level 13!
You hit the orc warrior but do no damage.
The orc warrior hits you with a +0 flail!!
You are too injured to fight recklessly!
You are too injured to fight recklessly!
You are too injured to fight recklessly!
The orc warrior hits you with a +0 flail!!
* * * LOW HITPOINT WARNING * * *
You climb upwards.
There is a stone staircase leading down here.
You feel much better.
The orc warrior hits you with a +0 flail!
* * * LOW HITPOINT WARNING * * *
The orc warrior hits you with a +0 flail!!
You die...

#......................'..##.
#........).............#.....
######..######..############..##.
#...##..######..###..##...##..##.
....#....'...#.......#....#....).
....#....#...#.......#....#......
#.####.#######...##..##...#######
#'####.###..##...######...##..##.
.......#........@o...............
.......'....##...##..............
.......#....####'##..##...######.
.......#....#.....#..#######..##.
.......#....#.....#........#..##.
.#########..##...##..##....#..###
####...#######...##..##....'.....
.#..........#....#.........#.....
.#..........#....#........##..##.


You could see an orc warrior.

Levels and vault maps discovered:
D:1:      minmay_arrival_radiant_lines, layout_rooms
D:2:      layout_basic, first_ration
D:3:      layout_basic
D:4:      layout_loops_ring, nicolae_ru_the_path_less_chosen,
          kennysheep_mini_moat, dk_noncrumbling_3
D:5:      layout_cave_pools, tso_metal_star, uniq_menkaure
D:6:      layout_gridville, minmay_temple_entry_glass
D:7:      layout_basic, amethyst_overflow_temple_binary, grunt_gozag_breadcrumbs

Notes
Turn   | Place    | Note
-------+----------+-------------------------------------------
     0 | D:1      | stalwartcrusatyr the Minotaur Berserker began the quest for
                  | the Orb.
     0 | D:1      | Reached XP level 1. HP: 19/19 MP: 0/0
    46 | D:1      | Reached skill level 4 in Axes
    54 | D:1      | Reached XP level 2. HP: 22/26 MP: 1/1
   634 | D:1      | Reached skill level 5 in Axes
   824 | D:2      | Reached ** piety under Trog
   829 | D:2      | Reached XP level 3. HP: 30/31 MP: 2/2
  1863 | D:3      | Reached XP level 4. HP: 39/39 MP: 3/3
  1909 | D:3      | Reached skill level 6 in Axes
  3238 | D:4      | Reached skill level 7 in Axes
  3238 | D:4      | Reached XP level 5. HP: 45/45 MP: 4/4
  3358 | D:4      | Found a sacrificial altar of Ru.
  3439 | D:4      | Reached skill level 8 in Axes
  3683 | D:4      | Found a hide-covered altar of Uskayaw.
  3721 | D:5      | Entered Level 5 of the Dungeon
  3723 | D:5      | Reached XP level 6. HP: 51/51 MP: 5/5
  3742 | D:5      | Reached *** piety under Trog
  3984 | D:5      | Reached skill level 9 in Axes
  3994 | D:5      | Got a fine robe
  4016 | D:5      | Identified the +0 robe of Responsibility {+Inv Dex+5} (You
                  | found it on level 5 of the Dungeon)
  4078 | D:5      | Reached XP level 7. HP: 57/57 MP: 6/6
  4100 | D:5      | Reached skill level 10 in Axes
  4352 | D:5      | Found a glowing golden altar of the Shining One.
  4440 | D:5      | Reached skill level 11 in Axes
  4537 | D:5      | Noticed Menkaure
  4543 | D:5      | Killed Menkaure
  4685 | D:6      | Reached XP level 8. HP: 58/64 MP: 7/7
  4786 | D:6      | Reached skill level 12 in Axes
  5054 | D:6      | Found a staircase to the Ecumenical Temple.
  5671 | D:7      | Reached skill level 13 in Axes
  5674 | D:6      | Slain by an orc warrior

Table legend:
 A = Turns spent in this place as a percentage of turns spent in the entire game.
 B = Non-inter-level travel turns spent in this place as a percentage of non-inter-level travel turns spent in the entire game.
 C = Inter-level travel turns spent in this place as a percentage of turns spent in this place.
 D = Turns resting spent in this place as a percentage of non-inter-level travel turns spent in this place.
 E = Turns spent auto-exploring this place as a percentage of non-inter-level travel turns spent in this place.
 F = Non-inter-level travel turns spent in this place divided by the number of levels of this place that you've seen.
                   A       B       C       D       E      F
               +-------+-------+-------+-------+-------+----------------------
         Total | 100.0 | 100.0 |   3.6 |  31.6 |  54.2 | 781.6
       Dungeon | 100.0 | 100.0 |   3.6 |  31.6 |  54.2 | 781.6
               +-------+-------+-------+-------+-------+----------------------

Table legend:
 A = Kills in this place as a percentage of kills in entire the game.
 B = Kills by you in this place as a percentage of kills by you in the entire game.
 C = Kills by friends in this place as a percentage of kills by friends in the entire game.
 D = Other kills in this place as a percentage of other kills in the entire game.
 E = Experience gained in this place as a percentage of experience gained in the entire game.
 F = Experience gained in this place divided by the number of levels of this place that you have seen.
                   A       B       C       D       E      F
               +-------+-------+-------+-------+-------+----------------------
         Total | 100.0 | 100.0 |   N/A |   N/A | 100.0 | 339.7
       Dungeon | 100.0 | 100.0 |   N/A |   N/A | 100.0 | 339.7
               +-------+-------+-------+-------+-------+----------------------

Action                   |  1- 3 |  4- 6 |  7- 9 || total
-------------------------+-------+-------+-------++-------
Melee: Hand axe          |    79 |   113 |   129 ||   321
       Headbutt          |    15 |    22 |    22 ||    59
Invok: Berserk           |       |     1 |     3 ||     4
       Trog's Hand       |       |       |     1 ||     1
  Use: Scroll            |     5 |     2 |     2 ||     9
       Potion            |       |       |     1 ||     1
  Eat: Chunk             |     2 |     7 |     2 ||    11
       Ration            |       |     1 |     1 ||     2
Armor: Animal skin       |     5 |       |       ||     5
       Leather armour    |     3 |       |       ||     3
       Ring mail         |    12 |    25 |       ||    37
       Scale mail        |       |     4 |    39 ||    43
Dodge: Dodged            |    39 |    61 |    61 ||   161

Vanquished Creatures
  Menkaure (D:5)
  A sky beast (D:5)
  An ice beast (D:6)
  2 phantoms
  2 ogres (D:6)
  A centaur (D:6)
  A scorpion (D:5)
  4 killer bees (D:7)
  3 crimson imps (D:5)
  2 jellies (D:5)
  An orc wizard (D:7)
  An orc priest (D:5)
  A bullfrog skeleton (D:5)
  4 hounds
  A gnoll shaman (D:5)
  An iguana (D:4)
  2 worker ants
  2 hound skeletons
  5 gnolls (D:5)
  7 adders
  An ooze (D:4)
  An adder skeleton (D:4)
  A worm (D:3)
  2 dart slugs (D:1)
  6 leopard geckos
  12 orcs
  6 bats
  3 giant cockroaches
  13 goblins
  4 hobgoblins
  2 jackals (D:1)
  8 kobolds
  3 quokkas
  A ball python (D:2)
  3 frilled lizards
  5 rats
114 creatures vanquished.
